 Dungeon Crawl Stone Soup version 0.25-a0-603-g0321be95db (webtiles) character file.

Game seed: 2709636656694345887, levelgen mode: deterministic

4577 Fukker the Slicer (level 10, -4/67 HPs)
             Began as a Human Assassin on Mar 16, 2020.
             Was a Priest of Nemelex Xobeh.
             Killed from afar by a deep elf mage (20 damage)
             ... with a bolt of cold
             ... in a bailey.
             The game lasted 00:28:39 (6656 turns).

Fukker the Slicer (Human Assassin)                  Turns: 6656, Time: 00:28:40

Health: -4/67      AC:  7    Str: 15    XL:     10   Next: 68%
Magic:  15/15      EV: 12    Int: 12    God:    Nemelex Xobeh [***...]
Gold:   453        SH:  5    Dex: 16    Spells: 9/9 levels left

rFire    + . .     SeeInvis +   L - +5 dagger of Muuv {freeze, +Fly rPois Str+2 Stlth+}
rCold    . . .     Gourm    .   E - +0 buckler
rNeg     . . .     Faith    .   i - +0 leather armour
rPois    +         Spirit   .   (no helmet)
rElec    .         Reflect  .   w - +0 cloak
rCorr    .         Harm     .   (no gloves)
MR       .....                  k - +2 pair of boots {Fly}
Stlth    ++++......             B - amulet of rage
HPRegen  0.21/turn              u - ring of protection from fire
MPRegen  0.14/turn              Q - ring of see invisible

@: flying
A: no striking features
a: Draw Escape, Draw Destruction, Draw Summoning, Triple Draw, Renounce
Religion, Evoke Berserk Rage, Stop Flying


You were in a bailey.
You worshipped Nemelex Xobeh.
Nemelex Xobeh was most pleased with you.
You were not hungry.

You visited 1 branch of the dungeon, and saw 7 of its levels.
You also visited: Sewer and Bailey.

You collected 453 gold pieces.

Inventory:

Hand Weapons
 a - a +2 dagger
 p - a +0 hunting sling of freezing
 K - a +4 falchion of freezing
 L - the +5 dagger of Muuv (weapon) {freeze, +Fly rPois Str+2 Stlth+}
   (You found it on level 6 of the Dungeon)

   It has been specially enchanted to freeze those struck by it, causing extra
   injury to most foes and up to half again as much damage against particularly
   susceptible opponents.
   It can also slow down cold-blooded creatures.
   It affects your strength (+2).
   It protects you from poison.
   It lets you fly.
   It makes you more stealthy.
Missiles
 d - 5 poisoned darts (quivered)
 r - 108 stones
 x - 11 javelins
 G - 42 sling bullets
 O - 5 atropa-tipped darts
Armour
 b - a +0 robe
 c - a +0 cloak
 i - a +0 leather armour (worn)
 k - a +2 pair of boots of flying (worn)
 w - a +0 cloak (worn)
 E - a +0 buckler (worn)
Jewellery
 u - a ring of protection from fire (left hand)
 B - an amulet of rage (around neck)
 C - an uncursed ring of ice
 M - an uncursed ring of protection from fire
 Q - a ring of see invisible (right hand)
Wands
 A - a wand of iceblast (5)
 P - a wand of clouds (5)
Scrolls
 h - a scroll of identify
 l - 2 scrolls of enchant weapon
 m - 2 scrolls of fog
 q - 4 scrolls of teleportation
 t - a scroll of fear
 y - 3 scrolls of enchant armour
 z - a scroll of remove curse
Potions
 o - 2 potions of curing
 s - 2 potions of might
 v - 2 potions of ambrosia
 F - a potion of resistance
 H - a potion of mutation {unknown}
 I - a potion of stabbing {unknown}
 N - 2 potions of brilliance
Comestibles
 f - 4 rations


   Skills:
 + Level 2.1 Fighting
 - Level 10.6 Short Blades
 - Level 1.1(6.8) Long Blades
 - Level 0.2(1.6) Slings
 * Level 2.7 Throwing
 - Level 2.1 Armour
 + Level 1.3 Dodging
 + Level 4.8 Stealth
 - Level 5.0 Shields
 * Level 7.4 Invocations
 + Level 4.0 Evocations


You had 9 spell levels left.
You didn't know any spells.
Your spell library contained the following spells:

 Spells                   Type           Power        Failure   Level  Hunger
 Blink                    Tloc           N/A          52%         2    ###....
 Shroud of Golubria       Chrm/Tloc      #.....       52%         2    ###....
 Gell's Gravitas          Tloc           #.........   77%         3    ####...
 Lesser Beckoning         Tloc           #.........   77%         3    ####...
 Teleport Other           Tloc           #.......     77%         3    ####...
 Passage of Golubria      Tloc           N/A          99%         4    #####..


Dungeon Overview and Level Annotations

Branches:
Dungeon (7/15)              Sewer (visited)          Bailey (1/1)
 Temple: D:4-7

Altars:
Nemelex Xobeh
Qazlal
Uskayaw
Wu Jian
Zin

Shops:
D:5 =


Message History

The deep elf mage is heavily wounded.
The deep elf mage mumbles some strange words.
The deep elf mage blinks!
You are too injured to fight recklessly!
You draw a card...
You have drawn the Storm.
A mighty gale blasts forth from the card!
The deep elf mage barely misses you.
You hit the deep elf mage. You freeze the deep elf mage.
The deep elf mage is severely wounded.
You hit the deep elf mage. You freeze the deep elf mage.
The deep elf mage is severely wounded.
You block the deep elf mage's attack.
You hit the deep elf mage but do no damage.
The deep elf mage is severely wounded.
You hit the deep elf mage but do no damage.
The deep elf mage is severely wounded.
The deep elf mage gestures at you while chanting.
The bolt of cold hits you!!
You die...
Your body glows with a rainbow of weird colours and disappears.

..#
#e#####
#.((.##
#3(...#
#..∩..#
#.))..#
##(..##
####'##..#
##e@.##
)..#
#%.(%.#
.(.#
#..∩..#
..##
##...##
### #####


You could see a deep elf mage.

Vanquished Creatures
  5 deep elf magi (Bailey)
  An elephant (Bailey)
  A warg (D:5)
  A sky beast (D:6)
  An ice beast (D:5)
  A phantom (D:5)
  3 ogres
  2 necrophages (D:6)
  A centaur (D:6)
  2 bullfrogs (Sewer)
  A water moccasin zombie (D:5)
  2 scorpions
  A wight (D:4)
  2 howler monkeys
  4 hounds
  A bullfrog zombie (D:5)
  An orc priest (D:4)
  6 orc wizards
  2 iguanas
  4 worker ants
  15 adders
  A shadow imp (D:5)
  7 oozes
  2 adder zombies
  2 worms
  3 dart slugs
  19 leopard geckos
  14 orcs
  11 ball pythons
  8 bats
  14 giant cockroaches
  4 goblins
  3 hobgoblins
  16 jackals
  A quokka (D:2)
  14 frilled lizards
  8 kobolds
  A quokka skeleton (D:6)
  9 rats
194 creatures vanquished.

Vanquished Creatures (collateral kills)
  Duvessa (D:5)
  Dowan (D:5)
  4 wights (D:4)
  An orc wizard (D:5)
  An adder (D:5)
  An orc (D:5)
9 creatures vanquished.

Vanquished Creatures (others)
  Crazy Yiuf (D:2)
  An orc (D:4)
2 creatures vanquished.

Grand Total: 205 creatures vanquished

Notes
Turn   | Place    | Note
-------+----------+-------------------------------------------
     0 | D:1      | Fukker the Human Assassin began the quest for the Orb.
     0 | D:1      | Reached XP level 1. HP: 16/16 MP: 1/1
   105 | D:1      | Reached XP level 2. HP: 15/22 MP: 2/2
   292 | D:1      | Reached skill level 3 in Short Blades
   311 | D:1      | Reached XP level 3. HP: 12/27 MP: 3/3
   685 | D:1      | Reached skill level 1 in Armour
  1448 | D:2      | Found a faded altar of an unknown god.
  1479 | D:2      | Became a worshipper of Nemelex Xobeh the Trickster
  1479 | D:2      | Received a gift from Nemelex Xobeh
  1479 | D:2      | Reached * piety under Nemelex Xobeh
  1529 | D:2      | Reached XP level 4. HP: 33/33 MP: 4/4
  1600 | D:2      | Reached skill level 1 in Invocations
  1605 | D:2      | Received a gift from Nemelex Xobeh
  1731 | D:2      | Found a runed translucent door.
  1732 | D:2      | Noticed Crazy Yiuf
  1743 | D:2      | Killed Crazy Yiuf
  1743 | D:2      | Reached skill level 4 in Short Blades
  1743 | D:2      | Reached XP level 5. HP: 32/38 MP: 4/6
  2184 | D:2      | Reached ** piety under Nemelex Xobeh
  3090 | D:4      | Found an ornate altar of the Wu Jian Council.
  3106 | D:4      | Reached XP level 6. HP: 44/44 MP: 7/7
  3317 | D:5      | Entered Level 5 of the Dungeon
  3329 | D:5      | Reached skill level 5 in Short Blades
  3420 | D:5      | Noticed an ice beast
  3421 | D:5      | Killed an ice beast
  3421 | D:5      | Reached XP level 7. HP: 45/50 MP: 9/9
  3487 | D:5      | Reached skill level 6 in Short Blades
  3768 | D:5      | Noticed a warg
  3768 | D:5      | an ice beast changed into a warg
  3774 | D:5      | Killed a warg
  3774 | D:5      | Reached skill level 1 in Evocations
  3774 | D:5      | Reached XP level 8. HP: 32/56 MP: 11/11
  3948 | D:5      | Received a gift from Nemelex Xobeh
  3976 | D:5      | Reached skill level 7 in Short Blades
  4230 | D:5      | Noticed Duvessa
  4231 | D:5      | Noticed Dowan
  4233 | D:5      | Killed Duvessa
  4236 | D:5      | Killed Dowan
  4239 | D:5      | Reached skill level 5 in Invocations
  4340 | D:5      | Received a gift from Nemelex Xobeh
  4354 | D:5      | Found Ughor's Jewellery Shoppe.
  4420 | D:4      | Reached *** piety under Nemelex Xobeh
  4510 | D:4      | Reached skill level 1 in Shields
  4565 | D:4      | Received a gift from Nemelex Xobeh
  4603 | D:4      | Reached skill level 8 in Short Blades
  4825 | D:4      | Found a sparkling altar of Nemelex Xobeh.
  4826 | D:4      | Found a stormy altar of Qazlal.
  4979 | D:4      | Reached XP level 9. HP: 48/61 MP: 11/13
  5174 | D:6      | Got a slimy dagger
  5175 | D:6      | Identified the +5 dagger of Muuv {freeze, +Fly rPois Str+2
                  | Stlth+} (You found it on level 6 of the Dungeon)
  5262 | D:6      | Found a hide-covered altar of Uskayaw.
  5433 | D:6      | Received a gift from Nemelex Xobeh
  5491 | D:6      | Found a glowing silver altar of Zin.
  5529 | D:6      | Reached skill level 1 in Long Blades
  5616 | D:6      | Found a glowing drain.
  5620 | Sewer    | Entered a sewer
  6256 | D:7      | Reached skill level 9 in Short Blades
  6265 | D:7      | Found a flagged portal.
  6538 | Bailey   | Entered a bailey
  6544 | Bailey   | Noticed a deep elf mage
  6552 | Bailey   | Killed a deep elf mage
  6557 | Bailey   | Noticed a deep elf mage
  6558 | Bailey   | Noticed a deep elf mage
  6559 | Bailey   | Noticed a deep elf mage
  6561 | Bailey   | Noticed a sixfirhy
  6563 | Bailey   | Noticed a deep elf mage
  6565 | Bailey   | Noticed a rust devil
  6567 | Bailey   | Killed a deep elf mage
  6567 | Bailey   | Reached XP level 10. HP: 67/67 MP: 15/15
  6586 | Bailey   | Killed a deep elf mage
  6586 | Bailey   | Reached skill level 10 in Short Blades
  6588 | Bailey   | Noticed an orange demon
  6590 | Bailey   | Noticed an orange demon
  6590 | Bailey   | a rust devil changed into an orange demon
  6590 | Bailey   | Noticed an ice devil
  6590 | Bailey   | an orange demon changed into an ice devil
  6590 | Bailey   | Noticed an elephant
  6590 | Bailey   | a deep elf mage changed into an elephant
  6597 | Bailey   | Killed an elephant
  6597 | Bailey   | Killed a deep elf mage
  6597 | Bailey   | Reached skill level 5 in Shields
  6615 | Bailey   | Noticed a deep elf mage
  6632 | Bailey   | Killed a deep elf mage
  6640 | Bailey   | Noticed a deep elf mage
  6656 | Bailey   | Killed from afar by a deep elf mage

Levels and vault maps discovered:
D:1:      psy_arrival_terrarium, layout_basic, chequers_serial_rivers_large_a
D:2:      layout_loops_ring, chequers_ecumenical_altar_simple_redux,
          minmay_misc_feat_roman, st_stairs_14, uniq_crazy_yiuf_cottage
D:3:      layout_basic, nicolae_overflow_hidden_temple
D:4:      layout_gridville, gammafunk_temple_overflow_pools, first_ration,
          lemuel_altar_in_water
D:5:      layout_basic, kennysheep_mini_moat, serial_shops, shop, uniq_duvessa
D:6:      layout_basic, zin_treasury, eat_drink_and_be_merry_uskayaw,
          gup_sewer_entry_bowl
D:7:      layout_basic, minmay_temple_entry_mini_moons, enter_bailey_1,
          kennysheep_donut, uniq_menkaure, uniq_maggie, uniq_harold
Bailey:   bailey_polearm_3, bailey

Skill      XL: |  1  2  3  4  5  6  7  8  9 10 |
---------------+-------------------------------+-----
Short Blades   | 3 4 5 6 8 9 10 | 10.6
Armour         | 1 2 |  2.1
Invocations    | 1 2 3 4 5 6 7 |  7.4
Evocations     | 1 2 3 4 |  4.0
Shields        | 1 4 5 |  5.0
Long Blades    | 1 |  1.1
Fighting       | |  2.1
Slings         | |  0.2
Throwing       | |  2.7
Dodging        | |  1.3
Stealth        | |  4.8

Action                   |  1- 3 |  4- 6 |  7- 9 | 10-12 || total
-------------------------+-------+-------+-------+-------++-------
Melee: Dagger            |   133 |   150 |   370 |    28 ||   681
       Falchion          |       |       |    16 |       ||    16
 Fire: Hunting sling     |       |    10 |       |       ||    10
Throw: Dart              |     1 |    25 |    48 |    11 ||    85
Invok: Draw Destruction  |       |     6 |    14 |     9 ||    29
       Draw Summoning    |       |     1 |     2 |       ||     3
       Draw Escape       |       |       |     1 |       ||     1
Evoke: Wand              |       |       |    14 |     1 ||    15
  Use: Scroll            |       |       |    16 |       ||    16
       Potion            |       |       |     1 |     3 ||     4
 Stab: Sleeping          |     5 |     2 |    18 |       ||    25
  Eat: Chunk             |     2 |     4 |     2 |       ||     8
       Ration            |       |     1 |     2 |       ||     3
Armor: Robe              |     1 |       |       |       ||     1
       Leather armour    |    41 |    71 |    78 |     1 ||   191
Dodge: Dodged            |    70 |    87 |   125 |     7 ||   289
Block: Buckler           |       |       |    34 |     5 ||    39
       Rpst.: Falchion   |       |       |     2 |       ||     2

Table legend:
 A = Non-vault XP
 B = Vault XP
 C = Vault XP percentage of total XP
 D = Non-vault monster count
 E = Vault monster count
 F = Vault count percentage of total count
                 A         B        C        D         E       F
            +---------+---------+-------+---------+---------+-------
      Total |    2789 |    3750 |  57.3 |     134 |      71 |  34.6
            +---------+---------+-------+---------+---------+-------
        D:1 |      54 |       0 |   0.0 |      29 |       0 |   0.0
        D:2 |      62 |      46 |  42.6 |      25 |       3 |  10.7
        D:3 |      63 |       0 |   0.0 |      15 |       0 |   0.0
        D:4 |     627 |       0 |   0.0 |      25 |       0 |   0.0
        D:5 |    1036 |     112 |   9.8 |      23 |       2 |   8.0
        D:6 |     585 |      13 |   2.2 |       9 |       4 |  30.8
        D:7 |     362 |       0 |   0.0 |       8 |       0 |   0.0
      Sewer |       0 |     392 | 100.0 |       0 |      56 | 100.0
     Bailey |       0 |    3187 | 100.0 |       0 |       6 | 100.0
            +---------+---------+-------+---------+---------+-------
